 Seeded DCSS version 0.27-a0-1256-gced786f (webtiles) character file.

Game seed: 3375557939289291370 (custom seed)

265 AmazingTV the Sneak (level 5, -4/27 HPs)
             Began as a Spriggan Abyssal Knight on June 10, 2021.
             Was a Priest of Lugonu.
             Slain by Grinder (6 damage)
             ... while paralysed by Grinder
             ... on level 4 of the Dungeon.
             The game lasted 00:11:06 (4003 turns).

AmazingTV the Sneak (Spriggan Abyssal Knight)       Turns: 4003, Time: 00:11:06

Health: -4/27      AC:  2    Str:  9    XL:     5   Next: 99%
Magic:  7/7        EV:  4    Int: 13    God:    Lugonu [***...]
Gold:   162        SH:  0    Dex: 15    Spells: 4/4 levels left

rFire    . . .     SeeInvis +   a - +1 dagger (distort)
rCold    . . .     Faith    .   (shield restricted)
rNeg     . . .     Spirit   .   b - +0 robe
rPois    .         Reflect  .   (helmet restricted)
rElec    .         Harm     .   (no cloak)
rCorr    .         Rampage  .   (gloves unavailable)
Will     .....                  (boots unavailable)
Stlth    +++.......             e - amulet of the acrobat
HPRegen  0.09/turn              (no ring)
MPRegen  0.10/turn              (no ring)

@: paralysed, very quick
A: very small, no large weapons, unfitting armour, see invisible, speed 3
a: Renounce Religion, Depart the Abyss, Bend Space, Banish


You were on level 4 of the Dungeon.
You worshipped Lugonu.
Lugonu was most pleased with you.
You visited 1 branch of the dungeon, and saw 4 of its levels.
You visited the Abyss 1 time.

You collected 162 gold pieces.

Inventory:

Hand Weapons
 a - a +1 dagger of distortion (weapon)
 c - a +1 hand axe
Missiles
 j - 8 poisoned darts
Armour
 b - a +0 robe (worn)
Jewellery
 e - an amulet of the acrobat (around neck)
 f - a ring of fire
Scrolls
 d - 8 scrolls of identify {unknown}
 g - a scroll of fog {unknown}
 h - a scroll of noise {unknown}
 i - a scroll of immolation {unknown}
 k - a scroll of holy word {unknown}
 l - a scroll of blinking {unknown}
 m - a scroll of enchant armour {unknown}
 n - a scroll of vulnerability {unknown}


   Skills:
 - Level 2.4 Fighting
 * Level 3.9 Short Blades
 - Level 1.5 Axes
 + Level 4.8 Dodging
 * Level 5.7 Stealth
 - Level 1.7 Invocations


You had 4 spell levels left.
You didn't know any spells.
Your spell library was empty.

Dungeon Overview and Level Annotations

Branches:
Dungeon (4/15)
 Temple: D:4-7

Altars:
Qazlal
Vehumet

Shops:
D:2 [

Annotations:
D:4 Grinder


Innate Abilities, Weirdness & Mutations

You are very small and have problems with some larger weapons.
You are too small for most types of armour.
You have supernaturally acute eyesight. (SInv)
You cover ground extremely quickly. (Speed+++)


Message History

Grinder gestures at you. You resist with some effort.
Grinder completely misses you.
You hit Grinder but do no damage.
Space bends around Grinder.
Grinder is heavily wounded.
Grinder hits you.
You hit Grinder.
Space bends around Grinder.
Grinder is severely wounded.
Grinder gestures at you. You resist with some effort.
You hit Grinder but do no damage.
Space bends around Grinder!
Grinder is almost dead.
You hit Grinder.
Grinder is almost dead.
Grinder blinks!
Grinder gestures at you.
You suddenly lose the ability to move!
You can move again.
You hit Grinder but do no damage.
Grinder is almost dead.
Grinder closely misses you.
You hit Grinder.
Space warps horribly around Grinder.
Grinder is almost dead.
Grinder gestures at you. You resist with significant effort.
You hit Grinder but do no damage.
Grinder is almost dead.
Grinder gestures at you.
You suddenly lose the ability to move!
Grinder hits you.
You writhe in agony.
Grinder barely misses you. Grinder hits you!
You writhe in agony.
* * * LOW HITPOINT WARNING * * *
Grinder barely misses you. Grinder gestures at you.
You shrug off the repeated paralysis!
Grinder hits you.
* * * LOW HITPOINT WARNING * * *
You writhe in agony.
You die...

###'#'#####
#.#.# #.#.#
#.#+########
#..........#
###..........#
#............#
#.##.........#
#. +.....5@..#
# #.........#
#......:..#
#.........#
###########


You could see Grinder.

Vanquished Creatures
  A bullfrog zombie (D:4)
  An orc priest (D:3)
  A howler monkey skeleton (D:4)
  4 adders
  2 worms (D:2)
  2 dart slugs (D:1)
  3 orcs (D:3)
  10 endoplasms
  3 giant cockroaches
  10 goblins
  5 hobgoblins
  9 jackals
  2 quokkas
  4 ball pythons
  5 bats
  7 frilled lizards
  8 kobolds
  A rat (D:1)
78 creatures vanquished.

Notes
Turn   | Place    | Note
-------+----------+-------------------------------------------
     0 | Abyss:1  | AmazingTV the Spriggan Abyssal Knight began the quest for
                  | the Orb.
     0 | Abyss:1  | Reached XP level 1. HP: 11/11 MP: 3/3
    39 | D:1      | Escaped the Abyss
   325 | D:1      | Reached skill level 1 in Stealth
   517 | D:1      | Found a faded altar of an unknown god.
   552 | D:1      | Reached skill level 1 in Short Blades
   552 | D:1      | Reached XP level 2. HP: 16/16 MP: 4/4
   579 | D:1      | Reached skill level 2 in Stealth
  1188 | D:1      | Reached XP level 3. HP: 19/19 MP: 5/5
  1259 | D:1      | Reached ** piety under Lugonu
  1351 | D:2      | Reached skill level 3 in Stealth
  1826 | D:2      | Found Reesocobb's Armour Boutique.
  1853 | D:2      | Reached XP level 4. HP: 13/23 MP: 6/6
  2758 | D:3      | Reached skill level 4 in Stealth
  3012 | D:3      | Reached XP level 5. HP: 27/27 MP: 7/7
  3138 | D:3      | Reached *** piety under Lugonu
  3296 | D:3      | Found a stormy altar of Qazlal.
  3538 | D:3      | Found a radiant altar of Vehumet.
  3618 | D:4      | Reached skill level 5 in Stealth
  3977 | D:4      | Noticed Grinder
  3990 | D:4      | Paralysed by Grinder for 4 turns
  3997 | D:4      | Paralysed by Grinder for 7 turns
  4003 | D:4      | Slain by Grinder

Illustrated notes

Levels and vault maps discovered:
D:1:      dpeg_arrival_three_smaller_balls, layout_rooms,
          hellmonk_ecumenical_altar_prayer_group, minmay_split_cup_large
D:2:      layout_rooms, serial_shops, nicolae_shop_crystal
D:3:      layout_basic, lemuel_coloured_pillars_altar,
          nicolae_overflow_hidden_temple
D:4:      layout_basic, trog_hazing_becter, slow_altar_1, uniq_pikel,
          uniq_grinder

Skill      XL: |  1  2  3  4  5 |
---------------+----------------+-----
Stealth        | 1 2 3 4 5 |  5.7
Short Blades   | 1 2 3 |  3.9
Dodging        | 4 |  4.8
Fighting       | |  2.4
Axes           | |  1.5
Invocations    | |  1.7

Action                   |  1- 3 |  4- 6 || total
-------------------------+-------+-------++-------
Melee: Dagger            |   123 |   125 ||   248
       Hand axe          |    11 |       ||    11
 Stab: Sleeping          |     1 |     6 ||     7
       Distracted        |       |     1 ||     1
Armor: Robe              |    13 |     8 ||    21
Dodge: Dodged            |   124 |   107 ||   231

Table legend: (Time is in decaauts)
 A = Elapsed time spent in this place.
 B = Non-inter-level travel time spent in this place.
 C = Inter-level travel time spent in this place.
 D = Time resting spent in this place.
 E = Time spent auto-exploring this place.
 F = Levels seen in this place.
 G = Mean time per level.
                   A        B        C        D        E       F      G
               +--------+--------+--------+--------+--------+-----+--------+
         Total |   3307 |   3231 |     76 |   1648 |   1095 |   5 |  661.4 |
       Dungeon |   3283 |   3207 |     76 |   1648 |   1072 |   4 |  820.8 |
         Abyss |     23 |     23 |      0 |      0 |     22 |   1 |   23.0 |
               +--------+--------+--------+--------+--------+-----+--------+

Top non-repeatable levels by time:
     D:1: 1340 daAuts
     D:2: 794 daAuts
     D:3: 781 daAuts
     D:4: 366 daAuts
 Abyss:1: 23 daAuts
